Map: Templo óseo EE

Players

MrTrain

  • Race: Terran Terran
  • League: Bronze
  • Spawn Location: 1:00

Chris

  • Race: Protoss Protoss
  • Spawn Location: 12:00

Hureeup

  • Race: Terran Terran
  • Spawn Location: 3:00

TATORREA - Winner!

  • Race: Protoss Protoss
  • League: Silver
  • Spawn Location: 7:00

MrFercho - Winner!

  • Race: Zerg Zerg
  • League: Silver
  • Spawn Location: 6:00

tigro - Winner!

  • Race: Terran Terran
  • League: Bronze
  • Spawn Location: 7:00

VOD

Have the link to the VOD?

Description

Time

  • Played on: June 26, 2020, 9:15 p.m.
  • Length: 11:27
Show
View Real Time Build Order
Export as new Build Order

MrTrain Terran 

Build Orders: 2 Factory 

Get SALT Encoding   

  12  0:03  SCV  
  13  0:19  SCV  
  13  0:21  Supply Depot  
  14  0:26  Refinery  
  14  0:50  Barracks  
  14  0:56  SCV  
  15  1:08  SCV  
  16  1:20  SCV  
  17  1:32  SCV  
  18  1:44  SCV  
  19  2:12  Command Center  
  19  2:30  Factory  
  19  2:34  Factory, SCV  
  19  2:35  Refinery  
  20  2:44  Reaper  
  20  2:46  SCV  
  22  2:58  SCV  
  23  3:10  Engineering Bay  
  23  3:19  Supply Depot  
  23  3:22  Supply Depot  
  23  3:23  SCV  
  23  3:27  Supply Depot  
  24  3:30  SCV  
  25  3:35  Factory Tech Lab, SCV  
  25  3:36  Factory Reactor  
  26  3:47  SCV  
  27  3:58  Reaper  
  27  4:00  SCV  
  29  4:18  SCV  
  30  4:30  SCV  
  31  4:42  SCV  
  31  4:54  SCV  
  31  4:58  Marine  
  32  5:02  Widow Mine  
  32  5:03  Widow Mine x2  
  32  5:06  SCV  
  39  5:11  Armory  
  39  5:16  Marine  
  39  5:18  SCV  
  41  5:30  SCV  
  41  5:34  Marine  
  44  5:42  SCV  
  44  5:52  Marine  
  44  5:54  SCV  
  46  5:58  Drilling Claws  
  46  6:10  Marine  
  45  6:24  SCV  
  46  6:27  Widow Mine x3  
  49  6:48  Widow Mine x3  
  51  7:10  Widow Mine x2  
  51  7:11  Widow Mine  
  48  7:31  Widow Mine x2  
  39  7:51  Barracks  
  38  8:23  Widow Mine  
  39  8:48  Widow Mine  
  39  9:03  Supply Depot  
  39  9:04  Supply Depot  
  39  9:07  Orbital Command  
  39  9:09  Widow Mine  
  39  9:25  Widow Mine x2  
  39  9:30  Supply Depot  
  39  9:31  Widow Mine  
  45  9:32  Supply Depot  
  45  9:46  Widow Mine x2  
  45  9:52  Widow Mine  
  47  10:08  Widow Mine x2  
  47  10:13  Widow Mine  
  37  10:29  Widow Mine x2  
  37  10:35  Widow Mine  
  37  10:51  Widow Mine x2  
  37  10:56  Factory, Widow Mine  
Show
View Real Time Build Order
Export as new Build Order

Chris Protoss 

Build Orders:  

Get SALT Encoding   

  12  0:29  Pylon  
  12  0:34  Probe  
  13  0:39  Assimilator  
  13  0:46  Probe  
  14  0:58  Probe  
  14  1:03  Gateway  
  15  1:10  Probe  
  16  1:20  Forge  
  16  1:22  Probe  
  17  1:38  Pylon  
  17  1:40  Probe  
  17  1:46  Assimilator  
  18  1:53  Probe  
  19  2:21  Probe  
  20  2:34  Probe  
  21  2:37  Pylon  
  21  2:46  Probe  
  21  2:47  Cybernetics Core  
  22  3:08  Nexus  
  22  3:15  Pylon  
  22  3:33  Warp Gate  
  22  3:35  Photon Cannon  
  22  3:36  Protoss Ground Armor Level 1  
  22  3:37  Photon Cannon  
  22  3:44  Gateway  
  22  4:00  Stalker  
  24  4:26  Probe  
  24  4:30  Stalker, Photon Cannon  
  27  4:31  Stalker  
  27  4:38  Probe  
  30  5:00  Stalker  
  30  5:01  Stalker  
  34  5:18  Photon Cannon  
  34  5:22  Twilight Council  
  34  5:30  Stalker  
  34  5:31  Stalker  
  28  6:29  Robotics Facility, Pylon  
  28  6:35  Dark Shrine  
  28  6:38  Stalker x2  
  30  7:08  Stalker x2  
  28  7:19  Gateway  
  28  7:22  Gateway  
  26  7:35  Stalker x2  
  26  7:43  Observer  
Show
View Real Time Build Order
Export as new Build Order

Hureeup Terran 

Build Orders:  

Get SALT Encoding   

  12  0:09  SCV  
  13  0:21  SCV  
  14  0:34  SCV  
  15  0:36  Supply Depot  
  15  0:57  SCV  
  15  0:59  Barracks  
  16  1:09  SCV  
  17  1:12  Barracks  
  17  1:20  Refinery  
  17  1:22  SCV  
  18  1:41  Command Center  
  18  1:44  SCV  
  19  1:49  Marine  
  20  2:02  Marine  
  20  2:05  SCV  
  22  2:14  Refinery  
  22  2:19  Marine  
  23  2:28  Supply Depot  
  23  2:36  Orbital Command  
  23  2:43  Barracks Tech Lab  
  23  2:51  Engineering Bay  
  23  2:55  SCV  
  24  3:02  SCV  
  25  3:06  Marine  
  25  3:12  Factory  
  26  3:14  Orbital Command  
  26  3:17  SCV  
  27  3:28  Terran Infantry Weapons Level 1  
  27  3:31  SCV  
  27  3:32  Marine  
  27  3:34  Marine  
  30  3:42  SCV  
  30  3:45  Refinery  
  31  3:55  Marine x2  
  32  4:02  SCV  
  34  4:04  Factory Tech Lab  
  34  4:08  Starport  
  34  4:11  Missile Turret  
  34  4:13  Marine  
  35  4:24  Siege Tank  
  35  4:30  Marine  
  39  4:37  Marine  
  32  5:01  Marine  
  32  5:04  SCV x2  
  36  5:13  Barracks Reactor  
  35  5:18  Siege Tank  
  35  5:19  Combat Shield  
  38  5:25  Starport Tech Lab  
  38  5:27  Medivac  
  40  5:32  Marine  
  41  5:44  SCV x2  
  43  5:54  Starport  
  43  5:57  Supply Depot  
  43  6:00  SCV x2  
  43  6:01  Supply Depot  
  45  6:12  Marine  
  45  6:16  Starport Tech Lab  
  45  6:18  Marine  
  42  6:32  Marine x2  
  35  6:33  Siege Tank  
  35  6:35  Medivac  
  35  6:37  Starport Tech Lab  
  41  6:43  Starport  
  41  6:45  Marine  
  42  7:02  Marine  
  42  7:06  Siege Tank  
  46  7:11  Stimpack  
  46  7:13  Banshee  
  41  7:30  SCV x2  
  41  7:31  Marine  
  44  7:38  Starport Tech Lab  
  44  7:47  Siege Tank  
  47  7:55  Marine  
  47  7:57  Banshee  
  51  8:02  Supply Depot  
  51  8:07  Banshee  
  54  8:18  Supply Depot  
  54  8:22  Cloaking Field  
  54  8:23  Marine  
  43  8:41  Marine  
  42  8:56  SCV x2  
  42  8:59  Marine  
  45  9:07  Banshee  
  45  9:09  Banshee  
  51  9:10  Banshee  
  51  9:15  Hellion  
  51  9:17  Marine  
  57  9:34  Marine  
  56  9:52  Marine  
  52  9:58  Siege Tank  
  53  10:00  Banshee x3  
  54  10:10  Marine  
  43  10:28  Marine  
  30  10:33  Siege Tank  
  30  10:46  Marine  
Show
View Real Time Build Order
Export as new Build Order

TATORREA Protoss - Winner!

Build Orders:  

Get SALT Encoding   

  12  0:01  Probe  
  13  0:13  Probe  
  14  0:26  Probe  
  14  0:28  Pylon  
  15  0:46  Probe  
  15  0:47  Gateway  
  16  1:06  Probe  
  16  1:10  Assimilator  
  17  1:15  Probe  
  17  1:20  Pylon  
  17  1:23  Pylon, Probe  
  19  1:33  Probe  
  20  1:41  Cybernetics Core  
  20  1:45  Probe  
  21  1:57  Probe  
  22  2:02  Gateway  
  22  2:07  Probe  
  22  2:09  Assimilator  
  22  2:15  Probe  
  23  2:21  Stalker  
  26  2:24  Warp Gate, Probe  
  27  2:32  Probe  
  28  2:47  Nexus  
  28  2:49  Probe  
  29  3:01  Probe  
  29  3:04  Pylon  
  30  3:07  Pylon  
  30  3:14  Probe  
  30  3:15  Zealot  
  33  3:24  Probe  
  34  3:32  Robotics Facility, Probe  
  34  3:40  Probe  
  36  3:54  Assimilator  
  36  3:57  Probe  
  36  3:59  Assimilator, Probe  
  38  4:07  Probe  
  38  4:09  Probe  
  40  4:21  Stalker  
  40  4:24  Stalker  
  44  4:34  Probe x2  
  46  4:46  Immortal, Probe x2  
  46  4:50  Stalker x2  
  56  4:59  Probe x2  
  56  5:11  Probe x2  
  58  5:24  Stargate x2  
  58  5:25  Observer  
  59  5:29  Gateway  
  59  5:32  Gateway  
  59  5:35  Pylon, Probe x2  
  61  5:38  Pylon  
  61  5:43  Stalker  
  61  5:44  Stalker  
  61  5:47  Pylon, Probe x2  
  67  5:50  Pylon  
  67  5:59  Probe x2  
  69  6:14  Stalker  
  69  6:15  Stalker  
  71  6:41  Stalker x3  
  71  6:42  Stalker  
  71  6:44  Void Ray  
  71  6:45  Void Ray  
  87  6:47  Immortal  
  78  7:55  Stalker  
  78  7:57  Stalker x2  
  78  7:58  Stalker  
  86  8:01  Immortal  
  86  8:04  Void Ray x2  
  98  8:31  Stalker x2  
  102  8:40  Nexus  
  102  8:45  Pylon  
  102  8:48  Pylon  
  102  8:51  Pylon  
  102  8:54  Pylon  
  102  8:58  Pylon  
  102  9:01  Pylon  
  102  9:03  Immortal, Probe x2  
  102  9:05  Pylon  
  102  9:07  Pylon  
  108  9:11  Nexus  
  108  9:15  Probe x2  
  110  9:27  Probe x2  
  112  9:39  Probe x2  
  112  9:43  Stalker x4  
  112  9:47  Void Ray x2  
  112  9:49  Immortal  
  112  9:51  Probe x2  
  98  10:03  Probe  
  93  10:38  Stalker x3  
  93  10:39  Stalker  
  93  10:42  Void Ray x2  
  109  10:45  Immortal  
  113  10:50  Probe x3  
  113  10:51  Probe  
  117  11:02  Probe x3  
Show
View Real Time Build Order
Export as new Build Order

MrFercho Zerg - Winner!

Build Orders: Hatch First 

Get SALT Encoding   

  12  0:01  Drone  
  13  0:17  Overlord  
  13  0:19  Drone  
  14  0:35  Drone x2  
  16  0:42  Drone  
  17  0:57  Hatchery  
  16  1:05  Drone x2  
  16  1:10  Extractor  
  17  1:13  Drone  
  18  1:30  Spawning Pool  
  18  1:31  Drone  
  18  1:35  Drone  
  19  1:45  Drone  
  20  1:54  Drone  
  21  2:02  Extractor  
  20  2:17  Drone x3  
  20  2:21  Drone  
  24  2:26  Drone  
  25  2:34  Drone  
  25  2:36  Drone  
  27  2:42  Overlord  
  27  2:52  Overlord  
  27  2:57  Drone  
  27  2:58  Extractor, Drone  
  27  2:59  Queen x2  
  27  3:03  Drone  
  33  3:13  Metabolic Boost  
  33  3:18  Drone x2  
  35  3:27  Extractor  
  35  3:28  Drone  
  35  3:29  Drone  
  35  3:30  Drone  
  37  3:49  Spine Crawler  
  36  3:58  Drone x2, Spine Crawler  
  36  3:59  Drone x3  
  40  4:07  Drone  
  41  4:20  Drone x2  
  43  4:31  Roach Warren  
  42  4:33  Lair, Evolution Chamber  
  42  4:35  Zergling x2  
  42  4:36  Zergling x4  
  44  4:39  Overlord x2  
  44  4:40  Overlord  
  44  5:00  Zergling x8  
  48  5:09  Zerg Missile Weapons Level 1  
  48  5:29  Roach x4  
  48  5:30  Roach  
  48  5:32  Hatchery  
  48  5:34  Glial Reconstitution  
  58  5:42  Drone  
  58  5:51  Hatchery, Hydralisk Den  
  58  5:56  Evolution Chamber  
  46  6:24  Zergling x2  
  46  6:25  Zergling x16  
  55  6:40  Drone  
  55  6:41  Drone x2  
  58  7:00  Hydralisk x5  
  68  7:09  Drone x3  
  68  7:13  Drone x2  
  60  8:00  Overlord x6  
  60  8:01  Overlord x4  
  60  8:02  Overlord x2  
  60  8:04  Queen  
  56  8:09  Queen  
  50  8:33  Overseer  
  48  8:40  Roach  
  48  8:41  Roach x12  
  74  8:59  Spire  
  73  9:09  Hydralisk x7  
  75  9:10  Hydralisk x2  
  91  9:19  Zerg Ground Armor Level 1  
  91  9:21  Muscular Augments  
  91  9:27  Drone x2  
  91  9:28  Drone x2  
  95  9:35  Hydralisk x11, Infestation Pit  
  116  9:49  Hydralisk  
  116  9:50  Hydralisk x4  
  126  9:55  Overseer x4  
  126  10:05  Pneumatized Carapace  
  126  10:06  Hydralisk  
  126  10:07  Hydralisk x4  
  114  10:28  Mutalisk x3  
  114  10:29  Mutalisk x5  
  130  10:36  Zergling x2  
  130  10:37  Zergling x4  
Show
View Real Time Build Order
Export as new Build Order

tigro Terran - Winner!

Build Orders:  

Get SALT Encoding   

  12  0:02  SCV  
  13  0:14  SCV  
  13  0:21  Supply Depot  
  14  0:26  SCV  
  15  0:38  Refinery  
  16  0:42  SCV  
  16  0:49  Barracks  
  16  0:56  SCV  
  17  1:05  Refinery  
  17  1:08  SCV  
  18  1:16  Supply Depot  
  18  1:20  SCV  
  20  1:32  SCV  
  20  1:39  Marine  
  21  1:45  SCV  
  22  1:53  Barracks  
  22  1:57  Marine  
  23  2:02  SCV  
  24  2:14  SCV  
  24  2:15  Marine  
  26  2:25  Engineering Bay  
  26  2:33  Marine  
  27  2:43  Barracks Reactor, Factory  
  27  2:47  Orbital Command  
  27  2:50  Marine  
  28  3:09  Barracks Tech Lab  
  28  3:30  Factory Tech Lab  
  28  3:33  Command Center, Terran Infantry Weapons Level 1  
  28  3:35  Combat Shield  
  28  4:25  Siege Tank  
  31  4:42  Starport  
  30  4:48  Marine x3, Refinery  
  29  4:54  Stimpack  
  29  4:58  SCV  
  30  5:05  Marine  
  30  5:06  Marine x2  
  33  5:10  SCV  
  34  5:20  Medivac  
  36  5:22  SCV  
  36  5:23  Marine x3  
  36  5:26  Starport  
  36  5:27  Terran Infantry Armor Level 1  
  40  5:34  SCV  
  41  5:41  Marine x3  
  44  5:46  SCV  
  45  5:59  Marine  
  46  6:17  Marine x3  
  46  6:35  Marine x3  
  46  6:37  Siege Tank  
  50  6:52  Marine  
  50  6:53  Marine x2  
  49  7:09  Siege Tank  
  49  7:10  Marine  
  49  7:11  Marine x2  
  55  7:21  Neosteel Armor  
  55  7:28  Marine x3  
  54  7:36  Medivac  
  54  7:37  Medivac  
  56  7:46  Marine x3  
  59  8:04  Marine  
  39  8:59  Marine x3  
  39  9:01  Hi-Sec Auto Tracking  
  42  9:17  Marine x3  
  45  9:34  Marine  
  45  9:35  Marine x2  
  40  9:52  Marine  
  40  9:53  Marine x2  
  43  10:03  Medivac x2  
  47  10:10  Marine x3  
  50  10:28  Marine x3  
  51  10:46  Marine x3  
  54  11:04  Marine x3  
Tags
 
Add a new tag
Caveats
  • Supply blocks, unpowered buildings, or Contaminate may cause inaccurate times.
  • Supply counts are checked every 10 seconds.